 Dungeon Crawl Stone Soup version 0.29.1-15-g9cfb28693d (webtiles) character file.

Game seed: 11793704361041873958

109985 Artool the Warrior (level 16, 0/126 HPs)
             Began as a Demonspawn Fighter on Apr 12, 2023.
             Was the Champion of Hepliaklqana.
             Slain by Rupert
             ... wielding a +0 vorpal great mace
              (1 damage)
             ... on level 1 of the Orcish Mines.
             The game lasted 02:02:15 (32354 turns).

Artool the Warrior (Demonspawn Fighter)            Turns: 32354, Time: 02:02:15

Health: 0/126      AC: 27    Str: 25    XL:     16   Next: 6%
Magic:  16/16      EV: 12    Int:  9    God:    Hepliaklqana [******]
Gold:   1531       SH:  5    Dex: 18    Spells: 15/15 levels left

rFire   + . .      SeeInvis .   b - +10 great mace of Bal Sai {freeze, rPois rN+++ Str-2}
rCold   . . .      Faith    .   (shield currently unavailable)
rNeg    + + +      Spirit   .   W - +1 plate armour
rPois   +          Reflect  +   H - +2 hat
rElec   .          Harm     .   N - +0 cloak
rCorr   .          Rampage  .   B - +0 pair of gloves
Will    ++...                   (no boots)
Stlth   ..........              p - amulet "Ihuvopp" {Reflect Str+3 SH+5}
HPRegen 0.31/turn               M - ring of protection from fire
MPRegen 0.15/turn               n - ring "Jeblobotz" {EV+4 Dex+4}

@: about to teleport
A: reduced essence, antennae 2, slimy green scales 3, spiny 2, condensation
shield, demonic willpower
a: Renounce Religion, Recall Ancestor, Ancestor Identity, Transference, Idealise


You were on level 1 of the Orcish Mines.
You worshipped Hepliaklqana.
Hepliaklqana was exalted by your worship.
You visited 6 branches of the dungeon, and saw 26 of its levels.
You also visited: Ice Cave and Volcano.

You collected 1531 gold pieces.

Inventory:

Hand Weapons
 b - the +10 great mace of Bal Sai (weapon) {freeze, rPois rN+++ Str-2}
   (You acquired it on level 2 of the Lair of Beasts)

   It freezes those it strikes, dealing additional cold damage.
   It can also slow down cold-blooded creatures.
   Str:       It affects your strength (-2).
   rPois:     It protects you from poison.
   rN:        It renders you almost immune to negative energy.
 E - the +2 Maxwell's thermic engine {flame, freeze}
   (You found it in an ice cave)

   It burns those it strikes, dealing additional fire damage.
   Big, fiery blades are also staple armaments of hydra-hunters.
   It freezes those it strikes, dealing additional cold damage.
   It can also slow down cold-blooded creatures.
   It becomes more effective when it hits something.
   This effect fades over time.
Missiles
 s - 21 poisoned darts
 x - 7 silver javelins (quivered)
 J - 8 curare-tipped darts
 K - 4 atropa-tipped darts
Armour
 y - +0 ice dragon scales
 B - a +0 pair of gloves (worn)
 H - a +2 hat (worn)
 N - a +0 cloak (worn)
 W - a +1 plate armour (worn)
Magical Staves
 L - a staff of earth
Jewellery
 l - a +6 ring of strength
 n - the ring "Jeblobotz" (right hand) {EV+4 Dex+4}
   (You found it on level 11 of the Dungeon)

   [ring of evasion]

   EV:        It affects your evasion (+4).
   Dex:       It affects your dexterity (+4).
 p - the amulet "Ihuvopp" (around neck) {Reflect Str+3 SH+5}
   (You found it on level 4 of the Lair of Beasts)

   [amulet of reflection]

   It reflects blocked missile attacks.
   Str:       It affects your strength (+3).
   SH:        It affects your SH (+5).
 q - an amulet of faith
 u - a ring of resist corrosion
 M - a ring of protection from fire (left hand)
 U - a ring of protection from cold
 Z - a +6 ring of strength
Wands
 c - a wand of iceblast (16)
 t - a wand of mindburst (12)
 w - a wand of light (21)
 D - a wand of polymorph (5)
 F - a wand of digging (29)
 Q - a wand of paralysis (48)
Scrolls
 e - 12 scrolls of identify
 f - a scroll of summoning {unknown}
 h - 6 scrolls of fear
 m - 8 scrolls of teleportation
 G - 3 scrolls of butterflies
 I - 3 scrolls of magic mapping
 R - 5 scrolls of blinking
 T - 2 scrolls of enchant weapon
 V - a scroll of poison
 X - 4 scrolls of immolation
Potions
 a - 2 potions of resistance
 d - 4 potions of might
 g - 11 potions of curing
 i - 5 potions of invisibility
 j - a potion of cancellation
 k - 2 potions of haste
 r - 3 potions of heal wounds
 v - 5 potions of flight
 z - 4 potions of brilliance
 A - a potion of magic
 C - 3 potions of ambrosia
 O - 2 potions of mutation
 S - 3 potions of lignification
 Y - a potion of berserk rage {unknown}
Miscellaneous
 o - a piece from Xom's chessboard (15/15)
 P - a lightning rod (4/4)


   Skills:
 + Level 17.0 Fighting
 + Level 3.9 Long Blades
 + Level 15.5 Maces & Flails
 + Level 15.7 Armour
 - Level 3.0 Shields


You had 15 spell levels left.
You didn't know any spells.
Your spell library contained the following spells:

 Spells                   Type           Power      Damage    Failure   Level
 Beastly Appendage        Tmut           0%         N/A       96%         1
 Freeze                   Ice            0%         1d3       96%         1
 Magic Dart               Conj           0%         1d3       96%         1
 Sandblast                Erth           0%         2d4       96%         1
 Slow                     Hex            0%         N/A       96%         1
 Sting                    Tmut/Pois      0%         1d3       96%         1
 Summon Small Mammal      Summ           0%         N/A       96%         1
 Ensorcelled Hibernation  Hex/Ice        0%         N/A       99%         2
 Passwall                 Tmut/Erth      0%         N/A       99%         2
 Poisonous Vapours        Pois/Air       0%         N/A       99%         2
 Searing Ray              Conj           0%         2d4       99%         2
 Wereblood                Tmut           0%         N/A       99%         2
 Call Canine Familiar     Summ           0%         N/A       100%        3
 Confusing Touch          Hex            0%         N/A       100%        3
 Frozen Ramparts          Ice            0%         1d1       100%        3
 Gell's Gravitas          Tloc           0%         N/A       100%        3
 Lesser Beckoning         Tloc           0%         N/A       100%        3
 Ozocubu's Armour         Ice            0%         N/A       100%        3
 Spider Form              Tmut/Pois      0%         N/A       100%        3
 Stone Arrow              Conj/Erth      0%         3d7       100%        3
 Summon Guardian Golem    Hex/Summ       0%         N/A       100%        3
 Swiftness                Air            0%         N/A       100%        3
 Teleport Other           Tloc           0%         N/A       100%        3
 Vampiric Draining        Necr           0%         2d6       100%        3
 Anguish                  Hex/Necr       0%         N/A       100%        4
 Fulminant Prism          Conj/Hex       0%         3d6       100%        4
 Hailstorm                Conj/Ice       0%         3d3       100%        4
 Olgreb's Toxic Radiance  Pois           0%         N/A       100%        4
 Fireball                 Conj/Fire      0%         3d3       100%        5
 Iskenderun's Battlesphe  Conj           0%         2d6       100%        5
 Yara's Violent Unravell  Hex/Tmut       0%         3d3       100%        5
 Conjure Ball Lightning   Conj/Air       0%         3x3d6     100%        6
 Dispersal                Tloc           0%         N/A       100%        6
 Enfeeble                 Hex            0%         N/A       100%        7
 Orb of Destruction       Conj           0%         9d5       100%        7
 Ozocubu's Refrigeration  Ice            0%         4d7       100%        7
 Spellforged Servitor     Conj/Summ      0%         N/A       100%        7


Dungeon Overview and Level Annotations

Branches:
Dungeon (15/15)            Temple (1/1) D:5            Lair (5/5) D:9
 Shoals (1/4) Lair:3       Spider (0/4) Lair:3        Slime (2/5) Lair:5
    Orc (2/2) D:12            Elf (0/3) Orc:2        Vaults (0/5) D:13
 Depths (0/4) D:15          IceCv (visited)         Volcano (visited)

Altars:
Ashenzari
Cheibriados
Dithmenos
Fedhas
Gozag
Hepliaklqana
Kikubaaqudgha
Makhleb
Nemelex Xobeh
Okawaru
Qazlal
Ru
Sif Muna
Trog
Uskayaw
Vehumet
Wu Jian
Xom
Yredelemnul
Jiyva

Shops:
D:5 (   D:10 ?   D:11 :   D:12 (   D:15 *

Portals:
Gauntlet: Orc:2

Annotations:
D:3 Eustachio
D:5 3 runed translucent doors, EarthwalkerPL's ghost, amateur MiFi
D:6 Dowan; Duvessa
Shoals:1 Aizul
Orc:1 Rupert


Innate Abilities, Weirdness & Mutations

Your life essence is reduced to manifest your ancestor. (-10% HP)
You have a pair of antennae on your head.
You are completely covered in slimy green scales. (AC +4, rPois)
You are mostly covered in sharp spines.
A meltable shield of frost defends you. (SH +0)
You punish those that try to bend your will. (Will+)


Message History

Found a stone staircase leading up.
Rupert completely misses you. Rupert attacks as you move away!
You block Rupert's attack.
Rupert rages.
Something misses Zosia.
Rupert is struck by your spines. Rupert closely misses you.
The orc wizard casts a spell.
The orc wizard flickers and vanishes!
Deactivating autopickup; reactivate with Ctrl-A.
You feel a bit more experienced. Rupert attacks as you move away!
Rupert hits you with a +0 vorpal great mace!
You block Rupert's attack. Rupert attacks as you move away!
Rupert is struck by your spines. Rupert hits you but does no damage.
Rupert attacks as you move away! Rupert closely misses you.
Rupert hits you with a +0 vorpal great mace!!
Unknown command.
There is a stone staircase leading up here.
You bludgeon Rupert!! You freeze Rupert!
Rupert is moderately wounded.
Rupert is struck by your spines.
Rupert hits you with a +0 vorpal great mace!!
Rupert is struck by your spines.
Rupert hits you with a +0 vorpal great mace!
* * * LOW HITPOINT WARNING * * *
Rupert hits you with a +0 vorpal great mace!!
* * * LOW HITPOINT WARNING * * *
x2 A magic dart appears from out of thin air!
The magic dart hits you.
* * * LOW HITPOINT WARNING * * *
You climb upwards.
Reactivating autopickup.
Found 14 gold pieces.
There is a stone staircase leading down here.
Okay, then.
As you read the scroll of teleportation, it crumbles to dust.
You feel strangely unstable. Rupert is struck by your spines.
Rupert hits you with a +0 vorpal great mace.
* * * LOW HITPOINT WARNING * * *
You die...

..... ##
....##.
##..#...
##.......
........##
.........
........##.##
.......@@$..#
..#..........#
#......##...#
##...... .##
#...#.## ....
## ##... ##..


You could see Rupert (berserk).

Vanquished Creatures
  An acid blob (Lair:5)
  Kirke (D:14)
  A fire giant (D:15)
  An orc warlord (Orc:2)
  Azrael (D:12)
  A fire dragon (D:13)
  A boulder beetle (D:11)
  4 centaur warriors
  3 hydras
  2 catoblepae
  2 ironbound frosthearts (IceCv)
  A tengu warrior (D:15)
  A dancing weapon (Volcano)
  2 two-headed ogres
  6 death yaks
  14 skeletal warriors
  2 goliath frogs (Lair:5)
  An orb spider (Lair:3)
  6 harpies (Shoals:1)
  2 orc knights (D:15)
  8 wizards
  Pikel (D:7)
  16 ugly things
  2 orc sorcerers (Orc:1)
  A deep elf pyromancer (D:12)
  A cyclops (D:14)
  2 oklob plants (Lair:5)
  A manticore (D:13)
  9 elephants (Lair:4)
  5 toenail golems (Volcano)
  5 black mambas
  An ice statue (IceCv)
  2 gargoyles
  Psyche (D:12)
  20 cane toads
  A kobold demonologist (D:12)
  2 rime drakes (Lair:4)
  6 komodo dragons
  An unseen horror (D:11)
  2 freezing wraiths
  A yaktaur (D:15)
  An efreet (D:15)
  6 trolls
  12 polar bears
  15 blink frogs
  A tyrant leech (Lair:5)
  2 hornets
  14 slime creatures
  A spriggan (Lair:5)
  A centaur simulacrum (D:15)
  A shadow (D:11)
  50 yaks
  3 wyverns
  3 fire elementals (D:12)
  Grum (D:10)
  A vampire (D:11)
  3 hogs (D:14)
  4 basilisks
  12 vampire mosquitoes
  3 wargs (Orc:1)
  3 acid dragons
  2 hell hounds (D:12)
  8 water moccasins
  An ice beast (D:6)
  8 orc warriors
  2 black bears
  2 sky beasts
  4 ogres
  9 centaurs
  46 wolves
  A phantom (D:4)
  15 bullfrogs
  A necrophage (D:6)
  A gnoll sergeant (D:7)
  2 scorpions (D:4)
  13 killer bees
  5 howler monkeys
  2 jellies
  7 orc priests
  5 hounds
  Jessica (D:3)
  2 iguanas
  Natasha (thrice) (D:3)
  14 orc wizards
  7 adders
  7 gnolls
  A shadow imp (D:7)
  10 white imps
  A worm (D:2)
  3 dart slugs
  38 orcs
  4 bats
  6 endoplasms
  4 giant cockroaches
  5 goblins
  3 hobgoblins
  4 kobolds
  4 quokkas
  7 ball pythons
  A frilled lizard (D:3)
  6 rats
543 creatures vanquished.

Vanquished Creatures (collateral kills)
  A hydra (Lair:4)
  3 two-headed ogres
  2 death yaks (Lair:4)
  Sonja (Lair:4)
  An iron troll (D:13)
  A deep elf pyromancer (D:13)
  A harpy (Shoals:1)
  5 ugly things
  A manticore (D:13)
  2 black mambas
  A torpor snail (Lair:5)
  4 cane toads
  2 rime drakes
  3 komodo dragons
  A hornet (D:9)
  2 tyrant leeches (Lair:5)
  5 polar bears
  4 slime creatures
  5 blink frogs
  A vampire (D:10)
  7 yaks
  A wyvern (Lair:1)
  2 steam dragons
  2 vampire mosquitoes
  3 water moccasins
  An ice beast (D:8)
  2 orc warriors
  A black bear (D:9)
  A centaur (D:13)
  11 wolves
  2 bullfrogs
  A killer bee (D:8)
  2 howler monkeys (D:8)
  A jelly (D:7)
  2 orc wizards
  A gnoll (D:7)
  3 white imps (D:12)
  5 orcs
94 creatures vanquished.

Vanquished Creatures (others)
  A wizard (D:3)
  23 hexers
  An orc (D:8)
  48 fungi
  127 plants
200 creatures vanquished.

Grand Total: 837 creatures vanquished

Notes
Turn   | Place    | Note
-------+----------+-------------------------------------------
     0 | D:1      | Artool the Demonspawn Fighter began the quest for the Orb.
     0 | D:1      | Reached XP level 1. HP: 18/18 MP: 1/1
   320 | D:1      | Gained mutation: You are partially covered in sharp spines.
                  | [demonic ancestry]
   320 | D:1      | Reached XP level 2. HP: 22/24 MP: 2/2
   994 | D:2      | Found a faded altar of an unknown god.
  1028 | D:2      | Reached XP level 3. HP: 22/29 MP: 3/3
  1242 | D:2      | Gained mutation: You have a pair of small antennae on your
                  | head. [demonic ancestry]
  1242 | D:2      | Reached XP level 4. HP: 21/37 MP: 4/4
  1599 | D:3      | Noticed Jessica
  1610 | D:3      | Killed Jessica
  1894 | D:3      | Reached skill level 4 in Fighting
  1962 | D:3      | Noticed Natasha
  1972 | D:3      | Killed Natasha
  1973 | D:3      | Reached XP level 5. HP: 8/42 MP: 5/5
  2243 | D:3      | Noticed an ogre
  2256 | D:3      | Killed an ogre
  2326 | D:3      | Found a bloodstained altar of Trog.
  2419 | D:3      | Noticed a wizard
  2421 | D:3      | Killed a wizard
  2508 | D:3      | Noticed Natasha
  2513 | D:3      | Killed Natasha
  2729 | D:3      | Noticed Natasha
  2749 | D:3      | Killed Natasha
  2750 | D:3      | Reached XP level 6. HP: 37/49 MP: 6/6
  3006 | D:4      | Noticed Eustachio
  3379 | D:4      | Reached skill level 5 in Fighting
  4470 | D:4      | Gained mutation: You are mostly covered in sharp spines.
                  | [demonic ancestry]
  4470 | D:4      | Reached XP level 7. HP: 56/56 MP: 7/7
  4537 | D:5      | Entered Level 5 of the Dungeon
  4621 | D:4      | Reached skill level 5 in Armour
  5371 | D:5      | Reached skill level 5 in Maces & Flails
  5381 | D:5      | Reached skill level 6 in Fighting
  5523 | D:4      | Gained mutation: You are partially covered in slimy green
                  | scales. (AC +2) [demonic ancestry]
  5523 | D:4      | Reached XP level 8. HP: 56/64 MP: 8/8
  5569 | D:5      | Found Caidoge's Weapon Emporium.
  5919 | D:5      | Found a staircase to the Ecumenical Temple.
  5928 | Temple   | Entered the Ecumenical Temple
  5936 | Temple   | Became a worshipper of Hepliaklqana the Forgotten
  6123 | D:5      | Found a runed translucent gate.
  6123 | D:5      | Found a runed translucent gate.
  6123 | D:5      | Found a runed translucent gate.
  6131 | D:5      | Noticed EarthwalkerPL's ghost (amateur MiFi)
  6374 | D:6      | Noticed Dowan
  6464 | D:6      | Noticed Duvessa
  7842 | D:7      | Reached * piety under Hepliaklqana
  7852 | D:6      | Reached skill level 7 in Fighting
  8144 | D:7      | Reached XP level 9. HP: 61/64 MP: 9/9
  8576 | D:7      | Found a broken altar of Ashenzari.
  8584 | D:7      | Found an opulent altar of Gozag.
  9364 | D:8      | Noticed Pikel
  9388 | D:7      | Killed Pikel
  9389 | D:7      | Reached skill level 8 in Fighting
  9483 | D:8      | Found a radiant altar of Vehumet.
  9505 | D:8      | Reached ** piety under Hepliaklqana
  9506 | D:8      | Remembered your ancestor Zosia as a hexer
  9520 | D:8      | Noticed a two-headed ogre
  9530 | D:8      | Killed a two-headed ogre
  9807 | D:8      | Found a basalt altar of Yredelemnul.
  9809 | D:8      | Found a shimmering altar of Xom.
  9809 | D:8      | Found a shimmering altar of Xom.
  9811 | D:8      | Found a radiant altar of Vehumet.
  9811 | D:8      | Found a shimmering altar of Xom.
  9811 | D:8      | Found a shadowy altar of Dithmenos.
  9843 | D:8      | Reached XP level 10. HP: 73/73 MP: 10/10
 10555 | D:9      | Reached skill level 9 in Fighting
 10704 | D:9      | Noticed a two-headed ogre
 10781 | D:8      | Killed a two-headed ogre
 11000 | D:9      | Identified the +5 falchion "Beast's Regret" {vamp, Fragile
                  | Str+2 Dex+9}
 11257 | D:9      | Found a staircase to the Lair.
 11459 | Lair:1   | Entered Level 1 of the Lair of Beasts
 11533 | Lair:1   | Reached skill level 10 in Fighting
 11761 | Lair:1   | Noticed a seven-headed hydra
 11769 | Lair:1   | Killed a seven-headed hydra
 11915 | Lair:1   | Gained mutation: You are mostly covered in slimy green
                  | scales. (AC +3) [demonic ancestry]
 11915 | Lair:1   | Reached XP level 11. HP: 78/81 MP: 11/11
 12066 | Lair:1   | Reached *** piety under Hepliaklqana
 12639 | Lair:2   | Identified a scroll of acquirement
 12639 | Lair:2   | Acquired the +10 great mace of Bal Sai {freeze, rPois rN+++
                  | Str-2}
 13810 | Lair:2   | Reached skill level 10 in Armour
 13993 | Lair:3   | Reached skill level 11 in Fighting
 14086 | Lair:3   | Reached skill level 10 in Maces & Flails
 14250 | Lair:3   | Found a hole to the Spider Nest.
 14250 | Lair:3   | Noticed an orb spider
 14302 | Lair:3   | Killed an orb spider
 14377 | Lair:3   | Reached **** piety under Hepliaklqana
 14859 | Lair:3   | Reached XP level 12. HP: 85/91 MP: 12/12
 15229 | Lair:3   | Found a staircase to the Shoals.
 15242 | Lair:3   | Reached skill level 12 in Fighting
 15552 | Lair:4   | Found a dark tunnel.
 15563 | Volcano  | Entered a volcano
 15994 | Lair:4   | Noticed a catoblepas
 16261 | Lair:4   | Reached skill level 13 in Fighting
 16391 | Lair:4   | Identified the amulet "Ihuvopp" {Reflect Str+3 SH+5}
 16430 | Lair:4   | Killed a catoblepas
 16476 | Lair:4   | Noticed a death yak
 16476 | Lair:4   | Noticed a death yak
 16491 | Lair:4   | Killed a death yak
 16494 | Lair:4   | Killed a death yak
 16683 | Lair:4   | Gained mutation: A meltable shield of frost defends you.
                  | (SH +0) [demonic ancestry]
 16683 | Lair:4   | Reached XP level 13. HP: 91/99 MP: 13/13
 17042 | Lair:4   | Noticed Sonja
 17045 | Lair:4   | Reached ***** piety under Hepliaklqana
 17049 | Lair:4   | Killed Sonja
 17314 | Lair:4   | You fall into a shaft and drop 1 floor!
 17314 | Lair:5   | Entered Level 5 of the Lair of Beasts
 18920 | Lair:5   | Reached skill level 14 in Fighting
 20139 | Lair:5   | Gained mutation: You are completely covered in slimy green
                  | scales. (AC +4, rPois) [demonic ancestry]
 20139 | Lair:5   | Reached XP level 14. HP: 108/108 MP: 14/14
 20701 | Lair:5   | Identified the +6 scale mail of Unreason {Drain Will+ Dex+3
                  | Stlth+}
 21310 | Lair:5   | Found a viscous altar of Jiyva.
 21370 | Lair:5   | Found a staircase to the Slime Pits.
 21441 | Slime:1  | Entered Level 1 of the Pits of Slime
 21450 | Slime:1  | Reached skill level 15 in Fighting
 21450 | Slime:1  | Noticed an acid blob
 21872 | Lair:5   | Killed an acid blob
 22325 | Slime:2  | Noticed an acid blob
 22328 | Slime:2  | Noticed a quicksilver ooze
 22411 | Shoals:1 | Entered Level 1 of the Shoals
 22477 | Shoals:1 | Noticed Aizul
 22623 | D:10     | Entered Level 10 of the Dungeon
 22722 | D:10     | Found a hide-covered altar of Uskayaw.
 22732 | D:10     | Noticed Grum
 22741 | D:10     | Killed Grum
 22966 | D:10     | Found Acablas's Magic Scroll Shop.
 23136 | D:11     | Found Cosyffoa's Book Shoppe.
 23211 | D:11     | Reached ****** piety under Hepliaklqana
 23267 | D:11     | Identified the ring "Jeblobotz" {EV+4 Dex+4}
 24380 | D:12     | Noticed Psyche
 24385 | D:12     | Killed Psyche
 24489 | D:12     | Found a frozen archway.
 24509 | IceCv    | Entered an ice cave
 25439 | IceCv    | Gained mutation: You have a pair of antennae on your head.
                  | [demonic ancestry]
 25439 | IceCv    | Reached XP level 15. HP: 37/117 MP: 15/15
 25949 | IceCv    | Found the +2 Maxwell's thermic engine {flame, freeze}
 26212 | D:12     | Noticed Azrael
 26224 | D:12     | Killed Azrael
 26339 | D:12     | Found Humattan's Antique Weapon Shoppe.
 26345 | D:12     | Reached skill level 16 in Fighting
 26431 | D:12     | Found a staircase to the Orcish Mines.
 27266 | D:13     | Found a gate to the Vaults.
 27445 | D:13     | Reached skill level 15 in Armour
 28291 | D:14     | Reached skill level 15 in Maces & Flails
 29041 | D:14     | Reached skill level 1 in Long Blades
 29168 | D:14     | Noticed Kirke
 29178 | D:14     | Noticed a sphinx
 29178 | D:14     | Killed Kirke
 29402 | D:15     | Entered Level 15 of the Dungeon
 31082 | D:15     | Found Selifuy's Assorted Antiques.
 31096 | D:15     | Found a basalt altar of Yredelemnul.
 31154 | D:15     | Found a staircase to the Depths.
 31310 | D:15     | Noticed a fire giant
 31471 | D:15     | Killed a fire giant
 31947 | Orc:1    | Entered Level 1 of the Orcish Mines
 31998 | Orc:1    | Gained mutation: You punish those that try to bend your
                  | will. (Will+) [demonic ancestry]
 31998 | Orc:1    | Reached XP level 16. HP: 109/126 MP: 16/16
 32109 | Orc:2    | Entered Level 2 of the Orcish Mines
 32109 | Orc:2    | Found a staircase to the Elven Halls.
 32310 | Orc:2    | Reached skill level 17 in Fighting
 32326 | Orc:2    | Found a gate leading to a gauntlet.
 32329 | Orc:2    | Noticed Rupert
 32352 | Orc:2    | HP: 5/126 [Rupert/+0 vorpal great mace (5)]
 32354 | Orc:1    | HP: 1/126 [Rupert/+0 vorpal great mace (3)]
 32354 | Orc:1    | Slain by Rupert

Illustrated notes

Levels and vault maps discovered:
D:1:      wander_arrival_desolate, layout_basic, minmay_misc_feat_tiny
D:2:      layout_basic, hellmonk_ecumenical_altar_heavens_door,
          minmay_misc_feat_more_columns, minivault_25
D:3:      layout_loops_cross, trog_wizard, minmay_misc_feat_encased,
          kennysheep_boxes, uniq_jessica, uniq_natasha
D:4:      layout_cave_pools, kennysheep_generic_room_14, uniq_eustachio
D:5:      layout_cave_pools, temple_statues, gammafunk_ghost_nasty_kobolds,
          serial_shops, shop
D:6:      layout_cave_pods, uniq_duvessa
D:7:      layout_rooms, chequers_temple_overflow_statue_of_worship,
          lemuel_tele_altar
D:8:      layout_rooms, doesnt_xom_only_xom,
          mainiacjoe_overflow_small_starburst, overflow_temple_1_default,
          minmay_bent, uniq_pikel
D:9:      layout_rooms, grunt_lair_entry_orc_guard_hut
D:10:     layout_roguey, nicolae_overflow_crystal_walls, serial_shops,
          kennysheep_mini_moat, uniq_grum
D:11:     layout_loops_ring, serial_shops, nicolae_stop_n_shop_2
D:12:     layout_irregular_city, orc_0_dummy, serial_glass, glass_columns_a,
          glass_columns_a, portal_ice_cave_entry_imps, serial_shops,
          shop_fountains, hex_tiny, uniq_azrael, uniq_psyche
D:13:     layout_stronghold, david_vaults_4
D:14:     layout_rooms, minivault_5, uniq_kirke
D:15:     grunt_enter_depths_giant_problem, layout_basic,
          yredelemnul_altar_generic, serial_shops, shop
Temple:   eino_temple_lava
Lair:1:   layout_cave_pods, infiniplex_staircase_pool_2
Lair:2:   layout_cellular_growth
Lair:3:   layout_cave_pods, minmay_shoals_entry_centaurs,
          nicolae_spider_entry_orb_guardian, chequers_serial_rivers_small_a,
          small_statue_intersection, patterned_corridor,
          infiniplex_staircase_pool
Lair:4:   layout_regular_city, enter_volcano_1, minivault_27,
          serial_bayou_ford_a, minmay_shattered_shrine, uniq_sonja
Lair:5:   minmay_lair_end_frog_pond, layout_long_grid,
          minmay_slime_entry_oklob_open, grunt_forest_large_clearings
Shoals:1: layout_shoals, nicolae_shoals_raging_river, uniq_aizul
Slime:1:  layout_caves
Slime:2:  layout_caves
Orc:1:    layout_caves, serial_shops, shop, minmay_orc_temple_a
Orc:2:    st_orc_pillars, layout_diamond_mine, basic_altar, serial_shops,
          bzr_entry_gold, gauntlet_entry_generic, uniq_rupert

Skill      XL: |  1  2  3  4  5  6  7  8  9 10 11 12 13 14 15 16 |
---------------+-------------------------------------------------+-----
Maces & Flails | 2 3 4 5 6 7 9 10 12 13 14 15 | 15.5
Armour         | 3 4 5 6 8 9 10 12 13 14 15 | 15.7
Fighting       | 4 5 6 7 8 10 11 13 14 15 16 17 | 17.0
Shields        | 3 |  3.0
Long Blades    | 3 |  3.9

Action                   |  1- 3 |  4- 6 |  7- 9 | 10-12 | 13-15 | 16-18 || total
-------------------------+-------+-------+-------+-------+-------+-------++-------
Melee: Flail             |    62 |    41 |       |       |       |       ||   103
       Whip              |       |   173 |   259 |   119 |       |       ||   551
       Unarmed           |       |     6 |       |       |       |       ||     6
       Great mace        |       |       |       |   169 |   728 |    35 ||   932
Throw: Dart              |       |       |     4 |     8 |    31 |       ||    43
       Javelin           |       |       |       |       |     6 |       ||     6
Invok: Ancestor Identity |       |       |     1 |       |       |       ||     1
       Recall Ancestor   |       |       |     2 |     4 |     7 |       ||    13
       Ancestor Life: He |       |       |     1 |       |       |       ||     1
  Use: Scroll            |       |       |       |    21 |     1 |     2 ||    24
       Potion            |       |       |       |     6 |     1 |       ||     7
 Stab: Distracted        |       |       |     2 |     6 |    12 |       ||    20
       Confused          |       |       |       |     7 |    11 |     2 ||    20
       Paralysed         |       |       |       |       |    18 |     5 ||    23
Armor: Scale mail        |    18 |    68 |    90 |    23 |       |       ||   199
       Skin              |       |    43 |       |       |       |       ||    43
       Plate armour      |       |       |       |    95 |   468 |    20 ||   583
       Fire dragon scale |       |       |       |    12 |       |       ||    12
       Ice dragon scales |       |       |       |       |    21 |       ||    21
Dodge: Dodged            |    27 |   176 |   148 |   121 |   310 |    25 ||   807
Block: Buckler           |     9 |    65 |    54 |    15 |       |       ||   143
       Other             |       |       |       |       |   197 |    15 ||   212
       Reflection        |       |       |       |       |     8 |       ||     8
